 Dungeon Crawl Stone Soup version 0.28-a0-258-g8de209e91f (webtiles) character file.

Game seed: 2056289249388090547

490 bande the Shield-Bearer (level 7, 0/66 HPs)
             Began as a Gargoyle Fighter on Aug 26, 2021.
             Slain by a gnoll (3 damage)
             ... on level 4 of the Dungeon.
             The game lasted 00:04:49 (3518 turns).

bande the Shield-Bearer (Gargoyle Fighter)          Turns: 3518, Time: 00:04:49

Health: 0/66       AC: 13    Str: 20    XL:     7   Next: 14%
Magic:  7/7        EV:  7    Int:  9    God:
Gold:   182        SH:  9    Dex: 10    Spells: 6/6 levels left

rFire   . . .      SeeInvis .   a - +0 war axe
rCold   + . .      Faith    .   c - +1 kite shield
rNeg    + . .      Spirit   .   b - +0 scale mail
rPois   ∞          Reflect  .   (no helmet)
rElec   +          Harm     .   p - +0 cloak
rCorr   .          Rampage  .   (no gloves)
Will    .....                   (no boots)
Stlth   ..........              (no amulet)
HPRegen 0.21/turn               f - ring of protection from cold
MPRegen 0.10/turn               (no ring)

@: berserking (expiring), very quick
A: sickness immunity, AC +4, negative energy resistance 1, electricity
resistance, torment resistance 1, petrification resistance
a: no special abilities


You were on level 4 of the Dungeon.
You visited 1 branch of the dungeon, and saw 4 of its levels.

You collected 182 gold pieces.

Inventory:

Hand Weapons
 a - a +0 war axe (weapon)
Armour
 b - a +0 scale mail (worn)
 c - a +1 kite shield (worn)
 p - a +0 cloak (worn)
Jewellery
 f - a ring of protection from cold (left hand)
 j - a ring of ice
Wands
 m - a wand of acid (3)
Scrolls
 o - a scroll of magic mapping
Potions
 d - a potion of resistance
 h - a potion of flight
 i - a potion of cancellation
 n - a potion of brilliance


   Skills:
 + Level 4.5 Fighting
 + Level 4.5 Axes
 + Level 4.8 Armour
 - Level 0.3 Dodging
 + Level 4.9 Shields


You had 6 spell levels left.
You didn't know any spells.
Your spell library contained the following spells:

 Spells                   Type           Power      Damage    Failure   Level
 Stone Arrow              Conj/Erth      0%         3d7       100%        3
 Airstrike                Air            0%         N/A       100%        4
 Summon Lightning Spire   Summ/Air       0%         N/A       100%        4
 Bolt of Magma            Conj/Fire/Erth 0%         4d4       100%        5
 Lightning Bolt           Conj/Air       0%         1d11      100%        5
 Shatter                  Erth           0%         3d5*      100%        9


Dungeon Overview and Level Annotations

Branches:
Dungeon (4/15)
 Temple: D:4-7

Altars:
Fedhas


Innate Abilities, Weirdness & Mutations

You are immune to sickness and miasma.
Your stone body is resilient. (AC +4)
You are immune to poison.
You resist negative energy. (rN+)
You are resistant to electric shocks. (rElec)
You are resistant to unholy torment.
You are immune to petrification.


Message History

You feel yourself moving faster!
You feel mighty!
An orc comes into view. It is wielding a +0 dagger.
The gnoll hits you but does no damage. The gnoll barely misses you.
Edmund barely misses you.
The orc shouts!
You slash Edmund!
Edmund is severely wounded.
You closely miss the gnoll. You slash the gnoll!
You kill the gnoll!
You block the gnoll's attack.
Edmund hits you with a +0 flail of venom.
* * * LOW HITPOINT WARNING * * *
You barely miss Edmund.
Edmund is severely wounded.
You hit the gnoll. The gnoll hits you but does no damage.
Edmund hits you with a +0 flail of venom.
* * * LOW HITPOINT WARNING * * *
Unknown command.
You slash Edmund!
You kill Edmund!
You slash the orc!
You kill the orc!
You hit the gnoll but do no damage. You block the gnoll's attack.
You have reached level 7!
The gnoll hits you but does no damage.
Things that are here:
a +0 flail of venom; a +0 scale mail You feel a strong urge to attack something.
Items here: )) ††.
You slice the gnoll!!
You kill the gnoll!
You barely miss the gnoll. The gnoll closely misses you.
The gnoll hits you with a +0 whip.
* * * LOW HITPOINT WARNING * * *
You see here a +0 whip.
Unknown command.
You barely miss the gnoll.
The gnoll is moderately wounded.
The gnoll hits you with a +0 whip.
You die...

#.#.. .. ##.
.........#...### #.. ..
.#. .#........# #.. #..
.. ... #..##.# #..
#..#.##.# #..##.#####..
###....#)# #............
.....#.#o####.##.#####..
#....g)......#.# ###
#.#.#@).....#..#
#.......####.#.#
#.#.#...# #.#.#
#.......# #.#.#
####.#>.# #.#.# #.....
..... ####.## #.... ..#
####.


You could see a gnoll and an orc.

Vanquished Creatures
  Sigmund (D:3)
  Edmund (D:4)
  Crazy Yiuf (D:3)
  Ijyb (D:3)
  An iguana (D:2)
  3 gnolls (D:4)
  5 adders
  A worm (D:2)
  2 dart slugs
  7 orcs (D:4)
  A ball python (D:1)
  6 endoplasms
  A giant cockroach (D:1)
  2 hobgoblins
  2 jackals (D:1)
  9 kobolds
  2 quokkas
  5 bats
  6 frilled lizards
  3 goblins
  9 rats
69 creatures vanquished.

Vanquished Creatures (others)
  2 fungi (D:3)
2 creatures vanquished.

Grand Total: 71 creatures vanquished

Notes
Turn   | Place    | Note
-------+----------+-------------------------------------------
     0 | D:1      | bande the Gargoyle Fighter began the quest for the Orb.
     0 | D:1      | Reached XP level 1. HP: 14/14 MP: 1/1
   112 | D:1      | Reached XP level 2. HP: 19/19 MP: 2/2
   727 | D:1      | Found a faded altar of an unknown god.
  1019 | D:1      | Reached XP level 3. HP: 24/24 MP: 3/3
  1681 | D:2      | Reached XP level 4. HP: 22/29 MP: 4/4
  2380 | D:3      | Noticed Sigmund
  2425 | D:3      | Killed Sigmund
  2426 | D:3      | Reached XP level 5. HP: 17/33 MP: 5/5
  2426 | D:3      | Reached XP level 6. HP: 20/38 MP: 6/6
  2719 | D:3      | Noticed Ijyb
  2729 | D:3      | Killed Ijyb
  3137 | D:3      | Found a runed translucent door.
  3138 | D:3      | Noticed Crazy Yiuf
  3308 | D:3      | Killed Crazy Yiuf
  3437 | D:4      | Found a blossoming altar of Fedhas.
  3495 | D:4      | Noticed Edmund
  3513 | D:4      | Killed Edmund
  3514 | D:4      | Reached XP level 7. HP: 7/44 MP: 7/7
  3517 | D:4      | HP: 3/66 [gnoll (5)]
  3518 | D:4      | Slain by a gnoll

Illustrated notes

Levels and vault maps discovered:
D:1:      evilmike_arrival_fibonacci_small, layout_loops_ring,
          shapermc_ecumenical_altar_acropolis
D:2:      layout_basic
D:3:      layout_loops_cross, uniq_ijyb, uniq_crazy_yiuf_cottage, uniq_sigmund
D:4:      layout_loops_ring, mainiacjoe_overflow_catwalk, serial_glass,
          glass_columns_c, glass_columns_a, glass_columns_a, glass_columns_a,
          glass_columns_b, glass_columns_a, glass_columns_c, glass_columns_a,
          glass_columns_a, glass_columns_c, glass_columns_a, glass_columns_b,
          glass_columns_b, glass_columns_b, feat_on_display, feat_on_display,
          due_unseen_surprise, minmay_puff, uniq_edmund, uniq_eustachio

Skill      XL: |  1  2  3  4  5  6 |
---------------+-------------------+-----
Axes           | 2 3 4 |  4.5
Shields        | 4 |  4.9
Fighting       | 4 |  4.5
Armour         | 4 |  4.8
Dodging        | |  0.3

Action                   |  1- 3 |  4- 6 |  7- 9 || total
-------------------------+-------+-------+-------++-------
Melee: War axe           |   133 |   108 |     2 ||   243
  Use: Scroll            |     4 |    10 |       ||    14
       Potion            |       |     3 |       ||     3
Armor: Scale mail        |    76 |    64 |     1 ||   141
Dodge: Dodged            |    47 |    31 |     1 ||    79
Block: Kite shield       |    64 |    70 |       ||   134

Table legend: (Time is in decaauts)
 A = Elapsed time spent in this place.
 B = Non-inter-level travel time spent in this place.
 C = Inter-level travel time spent in this place.
 D = Time resting spent in this place.
 E = Time spent auto-exploring this place.
 F = Levels seen in this place.
 G = Mean time per level.
                   A        B        C        D        E       F      G
               +--------+--------+--------+--------+--------+-----+--------+
         Total |   3658 |   3632 |     26 |    366 |   2538 |   4 |  914.5 |
       Dungeon |   3658 |   3632 |     26 |    366 |   2538 |   4 |  914.5 |
               +--------+--------+--------+--------+--------+-----+--------+

Top non-repeatable levels by time:
     D:1: 1434 daAuts
     D:3: 1115 daAuts
     D:2: 994 daAuts
     D:4: 113 daAuts
